 Dungeon Crawl Stone Soup version 0.31-a0-496-g6f97920a28 (webtiles) character file.

Game seed: 7431789683799256445

2593 xSliceyx the Blocker (level 9, -2/74 HPs)
             Began as a Formicid Fighter on Aug 8, 2023.
             Slain by an orc warlord
             ... wielding a +3 broad axe
              (32 damage)
             ... in a bailey.
             The game lasted 00:31:27 (6131 turns).

xSliceyx the Blocker (Formicid Fighter)             Turns: 6131, Time: 00:31:28

Health: -2/74      AC: 17    Str: 25    XL:     9   Next: 89%
Magic:  12/12      EV: 13    Int:  8    God:
Gold:   317        SH:  6    Dex: 13    Spells: 8/12 levels left

rFire   . . .        y - +2 quarterstaff (chaos)
rCold   . . .        c - +0 buckler
rNeg    . . .        g - +0 chain mail
rPois   .            (helmet unavailable)
rElec   .            z - +1 cloak
rCorr   .            L - +2 pair of gloves
SInv    +            r - +0 pair of boots
Will    .....        R - amulet of regeneration Stlth
                     s - +5 ring of evasion
HPRegen 1.12/turn    (no ring)
MPRegen 0.13/turn

%: no passive effects
@: mighty, wereblooded (expiring)
A: permanent stasis, dig shafts and tunnels, antennae 3, four strong arms
a: Dig


You were in a bailey.
You visited 2 branches of the dungeon, and saw 8 of its levels.
You also visited: Sewer and Bailey.

You collected 457 gold pieces.
You spent 140 gold pieces at shops.

Inventory:

Hand Weapons
 a - a +0 war axe
 y - a +2 quarterstaff of chaos (weapon)
 D - a +2 whip of freezing
 E - a +5 scimitar
 I - a +1 dire flail of holy wrath
 N - a +2 whip of venom
Missiles
 m - 2 curare-tipped darts
 C - 5 poisoned darts
 M - 2 throwing nets
 Q - 3 silver javelins
Armour
 b - a +0 scale mail
 c - a +0 buckler (worn)
 g - a +0 chain mail (worn)
 r - a +0 pair of boots (worn)
 v - a scarf of invisibility
 z - a +1 cloak (worn)
 L - a +2 pair of gloves (worn)
Jewellery
 n - an amulet of the acrobat
 s - a +5 ring of evasion (left hand)
 R - an amulet of regeneration (around neck)
Talismans
 K - a talisman of death
Wands
 H - a wand of roots (1)
 J - a wand of mindburst (4)
Scrolls
 f - 4 scrolls of enchant armour
 h - 2 scrolls of fog
 i - 4 scrolls of fear
 k - 3 scrolls of noise
 p - 2 scrolls of amnesia
 t - a scroll of immolation
 u - 8 scrolls of teleportation
 w - a scroll of silence {unknown}
 O - a scroll of poison {unknown}
 P - a scroll of identify
 T - a scroll of blinking {unknown}
Potions
 e - a potion of heal wounds
 j - 4 potions of brilliance {unknown}
 l - 7 potions of curing {unknown}
 o - 2 potions of enlightenment {unknown}
 q - 2 potions of ambrosia {unknown}
 x - a potion of resistance {unknown}
 A - 2 potions of mutation {unknown}
 B - 2 potions of haste {unknown}
 F - a potion of attraction {unknown}
 G - 2 potions of lignification {unknown}
 S - a potion of invisibility {unknown}
 U - a potion of cancellation {unknown}


   Skills:
 - Level 8.0 Fighting
 - Level 2.0 Axes
 - Level 2.0 Throwing
 - Level 8.0 Armour
 + Level 9.4 Shields
 - Level 2.0 Spellcasting
 - Level 5.0 Transmutations


You had 8 spell levels left.
You knew the following spells:

 Your Spells              Type           Power      Damage    Failure   Level
a - Wereblood             Tmut           8%         N/A       34%         2
b - Passwall              Tmut/Erth      3%         N/A       67%         2

Your spell library contained the following spells:

 Spells                   Type           Power      Damage    Failure   Level
 Sandblast                Erth           0%         2d4       87%         1
 Shock                    Conj/Air       0%         1d3       87%         1
 Sublimation of Blood     Necr           0%         N/A       95%         2
 Stone Arrow              Conj/Erth      0%         3d7       99%         3
 Airstrike                Air            0%         2d(0-16)  100%        4
 Manifold Assault         Tloc           0%         N/A       100%        4
 Summon Hydra             Summ           0%         N/A       100%        7
 Blink                    Tloc           Unusable   N/A       N/A         2
 Swiftness                Air            Unusable   N/A       N/A         3

Dungeon Overview and Level Annotations

Branches:
Dungeon (7/15)             Temple (1/1) D:7           Sewer (visited)
 Bailey (1/1)

Altars:
Ashenzari
Cheibriados
Dithmenos
Gozag
Hepliaklqana
Kikubaaqudgha
Makhleb
Nemelex Xobeh
Qazlal
Ru
Sif Muna
Uskayaw
Vehumet
Wu Jian
Xom
Yredelemnul
The Shining One

Shops:
D:6 **


Innate Abilities, Weirdness & Mutations

You cannot be hasted, slowed, berserked, paralysed or teleported.
You can dig through walls and to a lower floor.
You have a pair of large antennae on your head. (SInv)
Your four strong arms can wield two-handed weapons with a shield.


Message History

Unknown command.
You feel much better.
The orc warlord hits you with a +3 broad axe!!
You feel much better.
The orc warrior no longer looks unusually strong.
The orc no longer looks unusually strong.
The orc warlord roars a battlecry!
The orcs go into a battle-frenzy!
You thump the orc warlord!
The orc warlord looks as sick as possible!
The orc warlord is heavily wounded.
The orc warrior no longer looks unusually strong.
The orc warlord roars a battlecry!
The orc warrior goes into a battle-frenzy!
You sock the orc warlord!
The orc warlord seems to speed up.
The orc warlord is heavily wounded.
Your primal bloodlust is almost over.
You block the orc warlord's attack.
The orc warlord hits you with a +3 broad axe!!
Unknown command.
Unknown command.
You hit the orc warlord.
The orc warlord seems to grow stronger.
The orc warlord is severely wounded.
The orc warrior no longer looks unusually strong.
The orc warlord hits you with a +3 broad axe!
The orc warlord hits you with a +3 broad axe.
Unknown command.
Unknown command.
You feel much better.
The orc warlord hits you with a +3 broad axe!!
* * * LOW HITPOINT WARNING * * *
The orc warlord misses you.
You feel much better.
The orc warlord roars a battlecry!
The orc warrior goes into a battle-frenzy!
You hit the orc warlord. You freeze the orc warlord.
The orc warlord is severely wounded.
The orc warlord hits you with a +3 broad axe!
The orc warlord hits you with a +3 broad axe!!
You die... ##.)...## ##)####........... ##.)...##....(....##.....## #.......#.........#.......# #.......##.......##.......# #.........#,.ogo.,#......... #.........## ooo

##.........
#.....⌠.....###o###.....⌠....
##.........##88@88##.........
#.........#.......#.........
##......)##.......##)......#
#.......).........).......#
##.....##........)##.....##
#######.....⌠.....#######
##.........## #.........#
##.......##


You could see an orc warlord (fast, strong, extremely poisoned), 3 orc warriors,
2 orcs and a hobgoblin.

Vanquished Creatures
  Eustachio (D:5)
  Edmund (D:5)
  An ice beast (D:6)
  8 orc warriors
  2 ogres (D:5)
  A kobold brigand (D:6)
  A phantom (D:5)
  A scorpion (D:5)
  3 wights (D:7)
  A howler monkey (D:5)
  3 hounds
  3 jellies
  Crazy Yiuf (D:4)
  A gnoll bouda (D:6)
  Ijyb (D:5)
  Jessica (D:3)
  3 iguanas
  4 orc wizards
  A hell rat (Sewer)
  Robin (D:4)
  15 gnolls
  14 adders
  A river rat (Sewer)
  2 white imps
  2 worms
  3 dart slugs
  23 orcs
  8 ball pythons
  5 bats
  3 endoplasms (D:2)
  3 giant cockroaches
  30 goblins
  10 hobgoblins
  3 jackals (D:2)
  7 kobolds
  4 quokkas
  3 frilled lizards
  15 rats
190 creatures vanquished.

Vanquished Creatures (others)
  An orc zombie (Bailey)
1 creature vanquished.

Grand Total: 191 creatures vanquished

Notes
Turn   | Place    | Note
-------+----------+-------------------------------------------
     0 | D:1      | xSliceyx the Formicid Fighter began the quest for the Orb.
     0 | D:1      | Reached XP level 1. HP: 18/18 MP: 1/1
    35 | D:1      | Reached XP level 2. HP: 24/24 MP: 2/2
   298 | D:1      | Found a faded altar of an unknown god.
   806 | D:2      | Reached XP level 3. HP: 29/29 MP: 3/3
   893 | D:2      | Reached skill level 5 in Shields
   897 | D:2      | Reached XP level 4. HP: 28/35 MP: 4/4
  1527 | D:2      | Reached skill level 5 in Armour
  1761 | D:3      | Found a hazy altar of Hepliaklqana.
  1761 | D:3      | Found a shadowy altar of Dithmenos.
  1761 | D:3      | Found a shimmering altar of Xom.
  1779 | D:3      | Found a snail-covered altar of Cheibriados.
  1820 | D:3      | Reached XP level 5. HP: 41/41 MP: 5/5
  1851 | D:3      | Found a broken altar of Ashenzari.
  1950 | D:3      | Noticed Jessica
  1956 | D:3      | Killed Jessica
  2360 | D:3      | Reached XP level 6. HP: 41/47 MP: 6/6
  2644 | D:4      | Found an opulent altar of Gozag.
  2952 | D:4      | Found a runed translucent door.
  2953 | D:4      | Noticed Crazy Yiuf
  3112 | D:4      | Noticed Robin
  3154 | D:4      | Killed Robin
  3397 | D:4      | Reached XP level 7. HP: 49/52 MP: 7/7
  3519 | D:4      | Killed Crazy Yiuf
  3690 | D:5      | Entered Level 5 of the Dungeon
  3753 | D:5      | Noticed Eustachio
  3779 | D:5      | Killed Eustachio
  3780 | D:5      | Reached skill level 5 in Fighting
  3789 | D:5      | Found a glowing drain.
  3838 | Sewer    | Entered a sewer
  3854 | Sewer    | Reached XP level 8. HP: 64/64 MP: 8/8
  3858 | Sewer    | Learned a level 2 spell: Wereblood
  3861 | Sewer    | Learned a level 2 spell: Passwall
  4201 | D:5      | Noticed Ijyb
  4230 | D:5      | Killed Ijyb
  4272 | D:5      | Noticed Edmund
  4281 | D:5      | Killed Edmund
  4282 | D:5      | Reached skill level 1 in Transmutations
  4350 | D:5      | Reached skill level 1 in Spellcasting
  4372 | D:5      | Found a glowing golden altar of the Shining One.
  4374 | D:5      | Noticed an angel
  4379 | D:5      | Found a basalt altar of Yredelemnul.
  4388 | D:5      | Noticed a profane servitor
  4801 | D:6      | Reached XP level 9. HP: 74/74 MP: 12/12
  4802 | D:6      | Found Rojyblosk's General Store.
  4811 | D:6      | Bought a potion of heal wounds for 70 gold pieces
  4811 | D:6      | Bought a potion of heal wounds for 70 gold pieces
  5391 | D:6      | Found Ea-nāṣir's Fine Metal Goods.
  5550 | D:6      | Reached skill level 5 in Transmutations
  5641 | D:7      | Found a staircase to the Ecumenical Temple.
  5648 | Temple   | Entered the Ecumenical Temple
  5686 | D:7      | Reached skill level 6 in Shields
  5744 | D:7      | Found a flagged portal.
  5797 | Bailey   | Entered a bailey
  5865 | Bailey   | Reached skill level 1 in Throwing
  5865 | Bailey   | Reached skill level 7 in Shields
  6008 | Bailey   | Reached skill level 8 in Shields
  6040 | Bailey   | Reached skill level 9 in Shields
  6111 | Bailey   | Noticed an orc warlord
  6131 | Bailey   | Slain by an orc warlord

Illustrated notes

Levels and vault maps discovered:
D:1:      minmay_arrival_up_and_down, layout_loops_ring,
          hellmonk_ecumenical_altar_crossroads, minivault_26
D:2:      layout_loops_corners, kennysheep_generic_room_12
D:3:      layout_loops_cross, ashenzari_conservatory_becter,
          nicolae_overflow_quartered_altars, minmay_misc_feat_doors,
          nicolae_half_adder, uniq_jessica
D:4:      layout_loops_ring, mainiacjoe_overflow_cross_hatched, uniq_robin,
          uniq_crazy_yiuf_cottage
D:5:      layout_loops_ring, grunt_temple_overflow_holy_war,
          cheibrodos_sewer_entry_drain, minmay_misc_feat_tower, uniq_ijyb,
          uniq_edmund, uniq_eustachio
D:6:      layout_loops_ring, serial_shops, shop, nicolae_ea-nasir_strikes_again
D:7:      layout_basic, minmay_temple_entry_offerings, enter_bailey_5,
          solitary_fountain, minivault_5, due_unseen_surprise,
          uniq_prince_ribbit1
Temple:   kb_temple_of_zot
Bailey:   bailey_axe_minmay_hex_keep, bailey

Skill      XL: |  1  2  3  4  5  6  7  8  9 |
---------------+----------------------------+-----
Armour         | 4 5 6 7 8 |  8.0
Shields        | 5 9 |  9.4
Fighting       | 5 8 |  8.0
Transmutations | 3 5 |  5.0
Spellcasting   | 2 |  2.0
Throwing       | 2 |  2.0
Axes           | |  2.0

Action                     |  1- 3 |  4- 6 |  7- 9 || total
---------------------------+-------+-------+-------++-------
  Melee: War axe           |    61 |   167 |    92 ||   320
         Quarterstaff      |       |       |   147 ||   147
         Dire flail        |       |       |   165 ||   165
  Throw: Dart              |       |     2 |     8 ||    10
   Cast: Wereblood         |       |       |     4 ||     4
  Evoke: Wand              |       |       |     2 ||     2
    Use: Scroll            |       |       |     9 ||     9
         Potion            |       |       |     6 ||     6
 Armour: Scale mail        |    31 |    52 |    11 ||    94
         Chain mail        |       |       |   132 ||   132
  Dodge: Dodged            |    32 |   117 |   229 ||   378
  Block: Buckler           |    20 |    48 |   111 ||   179

Table legend: (Time is in decaauts)
 A = Elapsed time spent in this place.
 B = Non-inter-level travel time spent in this place.
 C = Inter-level travel time spent in this place.
 D = Time resting spent in this place.
 E = Time spent auto-exploring this place.
 F = Levels seen in this place.
 G = Mean time per level.
                   A        B        C        D        E       F      G
               +--------+--------+--------+--------+--------+-----+--------+
         Total |   6374 |   6056 |    318 |    525 |   3618 |  10 |  637.4 |
       Dungeon |   5825 |   5513 |    312 |    436 |   3606 |   7 |  832.1 |
        Temple |     13 |      7 |      6 |      0 |      0 |   1 |   13.0 |
         Sewer |    155 |    155 |      0 |     35 |     12 |   1 |  155.0 |
        Bailey |    379 |    379 |      0 |     54 |      0 |   1 |  379.0 |
               +--------+--------+--------+--------+--------+-----+--------+

Top non-repeatable levels by time:
     D:4: 1106 daAuts
     D:2: 1068 daAuts
     D:5: 947 daAuts
     D:6: 908 daAuts
     D:3: 873 daAuts
     D:1: 739 daAuts
  Bailey: 379 daAuts
     D:7: 182 daAuts
   Sewer: 155 daAuts
  Temple: 13 daAuts
